Unix NetHack Version 5.0.0-0 post-release - last build May 17 2026 04:57:42 (dc50c8380fa5e20985bfe3072449f57b8d9895ef,branch:main).

Game began 2026-05-20 08:26:07, ended 2026-05-20 08:55:46.

ArrBianca, lawful female human Valkyrie

  --------------     ---------
  |.............#####|.......|
  |....uR......|    #  ......|       -----
  |.....d..>...|    #   ...!.|        ...|
  |.....d......+ ####    ....|      #|...|
  ------@-------    #      ..| ##   #|...|
        @           #       .   #  ##-....
        d           #################...[|
        #           #################--%--
                          #     # #### 0###
                          #               #
                                          ###
                                            ##            -----
                                         ----.-----       |..<|
                                         |.........##     |...|
                                         |........| ######....|
                                         ----------       -----

ArrBianca the Fighter       St:7 Dx:15 Co:18 In:10 Wi:9 Ch:9  Lawful
Dlvl:11 $:411 HP:0(80) Pw:13(13) AC:2  Xp:7 T:4700  Burdened

Latest messages:
 The werejackal bites!
 You miss the werejackal.
 The jackal misses!
 The werejackal misses!
 You miss the werejackal.
 The jackal misses!
 The werejackal just misses!
 You hit the werejackal.
 The jackal bites!
 The werejackal bites!
 You miss the werejackal.
 The jackal misses!
 The werejackal misses!
 You hit the werejackal.
 The jackal bites!
 The werejackal bites!
 You hit the werejackal.
 The jackal bites!
 The werejackal bites!
 You hit the werejackal.
 The jackal just misses!
 The werejackal bites!
 The werejackal changes into a human.
 You hit the werejackal.
 The jackal misses!
 The werejackal changes into a jackal.
 The werejackal bites!
 You hit the werejackal.
 You hit the werejackal.
 The jackal bites!
 The werejackal summons help!
 You feel hemmed in.
 The werejackal bites!
 You miss the werejackal.
 The jackal misses!
 The werejackal bites!
 You miss the werejackal.
 The jackal bites!
 The werejackal bites!
 The jackal bites!
 The werejackal just misses!
 The werejackal changes into a human.
 You hear someone counting gold coins.
 You feel more confident in your fighting skills.
 You hit the werejackal.
 The jackal bites!
 The werejackal hits!
 You die...
 Do you want your possessions identified? [ynq] (y) y
 Do you want to see your attributes? [ynq] (y) q

Inventory:
 Coins    ('$')
  $ - 411 gold pieces
 Amulets  ('"')
  j - an uncursed amulet of guarding (being worn)
 Weapons  (')')
  M - 9 cursed -1 elven arrows
  v - a +0 crossbow
  a - a very rusty +1 spear (alternate weapon; not wielded)
 Armor    ('[')
  f - an uncursed thoroughly rusty +1 orcish helm (being worn)
  y - a blessed +1 pair of jumping boots
  B - an uncursed +0 pair of low boots
  c - a blessed +3 small shield (being worn)
  O - a cursed +0 mummy wrapping
  l - an uncursed thoroughly rusty +0 scale mail (being worn)
 Comestibles  ('%')
  o - an uncursed partly eaten cram ration
  T - 2 uncursed eucalyptus leaves
  U - 3 uncursed food rations
  i - 2 uncursed lichen corpses
  W - an uncursed partly eaten lichen corpse
  R - an uncursed lizard corpse
 Scrolls  ('?')
  Z - an uncursed scroll of light
 Spellbooks  ('+')
  m - an uncursed spellbook of cone of cold
  D - an uncursed spellbook of force bolt
 Potions  ('!')
  L - an uncursed potion of invisibility
  z - a cursed potion of oil
  X - an uncursed potion of sickness
  g - an uncursed potion of speed
  P - an uncursed potion of water
  n - a potion of unholy water
 Rings    ('=')
  k - an uncursed +1 ring of increase accuracy
 Wands    ('/')
  r - a wand of digging (0:7)
 Tools    ('(')
  H - an empty uncursed sack
  q - an uncursed blindfold
  e - an uncursed oil lamp (lit)
  S - a +0 unicorn horn
 Gems/Stones  ('*')
  x - an uncursed worthless piece of orange glass

ArrBianca the Valkyrie's attributes:

Background:
 You were a Fighter, a level 7 human Valkyrie.
 You were lawful, on a mission for Tyr
 who was opposed by Odin (neutral) and Loki (chaotic).
 You were right-handed.
 You were in the Dungeons of Doom, on level 11.
 You entered the dungeon 4700 turns ago.
 You had 877 experience points, 403 more were needed to attain level 8.

Basics:
 You had 0 out of 80 hit points.
 You had all 13 energy points (spell power).
 Your armor class was 2.
 Your wallet contained 411 zorkmids.
 Autopickup was on for '$?!/="+%' plus thrown, with exceptions.

Final Characteristics:
 Your strength was 7 (peak:14, limit:18/100).
 Your dexterity was 15 (limit:18).
 Your constitution was 18 (limit:18).
 Your intelligence was 10 (limit:18).
 Your wisdom was 9 (limit:18).
 Your charisma was 9 (limit:18).

Final Status:
 You weren't hungry.
 You were burdened; movement was slightly slowed.
 You were bare handed.
 You were unskilled in bare handed combat and could have enhanced that.

Final Attributes:
 You were piously aligned.
 You were cold resistant.
 You were level-drain resistant.
 You were stealthy.
 You had a small defense bonus (+2).
 You were protected.
 Your spell casting was impaired by metallic armor.
 You were a werejackal.
 You were harmed by silver.
 You were fast.
 You are dead.

Miscellaneous:
 You didn't encounter any bones levels.
 Total elapsed playing time was 29 minutes and 38 seconds.

Major events:
 Turn
    1: ArrBianca the lawful human Valkyrie entered the dungeon
  939: attained the rank of Skirmisher (level 3)
 1233: entered the Gnomish Mines
 2469: consulted the Oracle
 3134: attained the rank of Fighter (level 6)
 4700: killed by a werejackal

Spells:
 Name                 Level Category     Fail Retention
 cone of cold           4   attack       100%  76%-100%
 force bolt             1   attack       100%  76%-100%

Skills:
 Fighting Skills
   bare handed combat [Unskilled]
   two weapon combat  [Unskilled]
   riding             [Unskilled]
 Weapon Skills
   dagger             [Basic]
   axe                [Unskilled]
   pick-axe           [Unskilled]
   short sword        [Unskilled]
   broadsword         [Unskilled]
   long sword         [Unskilled]
   two-handed sword   [Unskilled]
   saber              [Unskilled]
   hammer             [Unskilled]
   quarterstaff       [Unskilled]
   polearms           [Unskilled]
   spear              [Expert]
   trident            [Unskilled]
   lance              [Unskilled]
   sling              [Unskilled]
 Spellcasting Skills
   attack spells      [Unskilled]
   escape spells      [Unskilled]

Voluntary challenges:
 Character rerolling was not enabled.
 You never had a pet.
 You never genocided any monsters.
 You never polymorphed an object.
 You never changed form.
 You used no wishes.
Achievements:
 You entered a shop.
 You attained the rank of Skirmisher.
 You entered the Gnomish Mines.
 You consulted the Oracle of Delphi.
 You attained the rank of Fighter.

 The Dungeons of Doom: levels 1 to 11
    Level 1:
       A sink.
    Level 2:
       An armor shop.
    Level 3:
       Stairs down to The Gnomish Mines.
    Level 4:
       A fountain, a grave.
    Level 5:
       Some fountains.
    Level 6:
       Many fountains.
       Oracle of Delphi.
    Level 7:
       A fountain.
    Level 8:
       A sink.
    Level 9:
       A fountain.
    Level 10:
       A sink.
    Level 11: <- You were here.
       Final resting place for
          you, killed by a werejackal.
 The Gnomish Mines:
    Level 4:


Vanquished creatures:
  a wolf
  a scorpion
  a vampire bat
 an orc mummy
  2 lizards
  a gray unicorn
  3 apes
  2 Mordor orcs
 an orc shaman
  a rock mole
  a gnomish wizard
  a golden naga hatchling
  a straw golem
  2 giant ants
  a floating eye
  a kitten
  a homunculus
  a hill orc
  7 rothes
  2 rabid rats
  a monkey
  2 wererats
  a werejackal
 an iguana
  5 killer bees
 an acid blob
  2 coyotes
  a hobgoblin
  3 giant rats
  a cave spider
  a brown mold
  a yellow mold
  a red mold
  2 garter snakes
  a gnome zombie
  7 jackals
  2 foxes
  2 kobolds
  2 goblins
  5 sewer rats
  a grid bug
  4 lichens
  2 kobold zombies
  2 newts
83 creatures vanquished.

No species were genocided or became extinct.

Game over:
                       ----------
                      /          \
                     /    REST    \
                    /      IN      \
                   /     PEACE      \
                  /                  \
                  |    ArrBianca     |
                  |      411 Au      |
                  |   killed by a    |
                  |    werejackal    |
                  |                  |
                  |                  |
                  |       2026       |
                 *|     *  *  *      | *
        _________)/\\_//(\/(/\)/\//\/|_)_______

Farvel ArrBianca the Valkyrie...

You died in The Dungeons of Doom on dungeon level 11 with 4469 points,
and 411 pieces of gold, after 4700 moves.
You were level 7 with a maximum of 80 hit points when you died.

